 Dungeon Crawl Stone Soup version 0.30-a0-748-ge6a52f7cba (webtiles) character file.

Game seed: 7851752140270424580

394307 Pooter the Tortoise (level 22, -9/200 HPs)
             Began as a Minotaur Hunter on Feb 5, 2023.
             Was a High Priest of Okawaru.
             Mangled by a war gargoyle
             ... wielding a +0 dire flail
              (12 damage)
             ... on level 4 of the Vaults on Feb 9, 2023.
             The game lasted 06:05:28 (80310 turns).

Pooter the Tortoise (Minotaur Hunter)              Turns: 80310, Time: 06:05:29

Health: -9/200     AC: 30    Str: 27    XL:     22   Next: 15%
Magic:  25/29      EV: 16    Int:  6    God:    Okawaru [*****.]
Gold:   764        SH:  0    Dex: 16    Spells: 16/21 levels left

rFire   + + .      SeeInvis +    a - +3 battleaxe (heavy)
rCold   + + .      Faith    .    (shield currently unavailable)
rNeg    + . .      Spirit   .    s - +3 plate armour of Refuge {rCorr Str-4 Slay+5 Stlth+}
rPois   .          Reflect  .    r - +0 mask of the Dragon {Will+ Slay+3 SInv}
rElec   .          Harm     .    E - scarf {rC+ rF+}
rCorr   +          Rampage  .    j - +0 pair of gloves "Wiqott" {rC+ rN+}
Will    +++..                    p - +2 pair of boots {Stlth+}
Stlth   ++++                     n - amulet "Silibb" {Acrobat rF+ Will+ Dex-4 Slay+3}
HPRegen 0.53/turn                G - +6 ring of dexterity
MPRegen 0.21/turn                i - +6 ring of strength

@: mighty, lethally poisoned (-9 -> -23), heroic, studying 2 skills
A: horns 2, retaliatory headbutt, see invisible, clumsy 1, MP-powered wands
}: 2/15 runes: decaying, gossamer
a: Renounce Religion, Heroism, Finesse, Duel


You were on level 4 of the Vaults.
You worshipped Okawaru.
Okawaru was extremely pleased with you.
You visited 7 branches of the dungeon, and saw 37 of its levels.
You visited 1 bazaar.
You also visited: Ice Cave and Desolation.

You collected 4666 gold pieces.
You spent 3902 gold pieces at shops.

Inventory:

Hand Weapons
 a - a +3 heavy battleaxe (weapon)
   (You took it off a hell knight on level 3 of the Vaults)
 b - a +4 heavy arbalest
   (You found it on level 15 of the Dungeon)
 U - the +6 war axe "Veicus" {heavy, *Corrode rElec rPois Stlth+}
   (You bought it in a shop on level 9 of the Dungeon)

   rElec:     It insulates you from electricity.
   rPois:     It protects you from poison.
   *Corrode:  It may corrode you when you take damage.
   Stlth:     It makes you more stealthy.
Missiles
 v - 13 silver javelins
 L - 13 boomerangs (quivered)
 M - 19 javelins
 Y - 3 silver boomerangs
Armour
 j - the +0 pair of gloves "Wiqott" (worn) {rC+ rN+}
   (You found it in the Desolation of Salt)

   rC:        It protects you from cold.
   rN:        It protects you from negative energy.
 p - a +2 pair of boots of stealth (worn)
   (You found it on level 4 of the Spider Nest)
 r - the +0 mask of the Dragon (worn) {Will+ Slay+3 SInv}
   (You bought it in a shop in a bazaar)

   Slay:      It affects your accuracy & damage with ranged weapons and melee
   (+3).
   SInv:      It lets you see invisible.
   Will:      It increases your willpower.
 s - the +3 plate armour of Refuge (worn) {rCorr Str-4 Slay+5 Stlth+}
   (You took it off a deep elf master archer on level 3 of the Elven Halls)

   Str:       It affects your strength (-4).
   Slay:      It affects your accuracy & damage with ranged weapons and melee
   (+5).
   rCorr:     It protects you from acid and corrosion.
   Stlth:     It makes you more stealthy.
 w - the +1 hat of the Ancient Emperors {Will+++ Str-3 Int+3 Stlth-}
   (You found it on level 14 of the Dungeon)

   Str:       It affects your strength (-3).
   Int:       It affects your intelligence (+3).
   Will:      It greatly increases your willpower.
   Stlth:     It makes you less stealthy.
 E - a scarf of resistance (worn)
   (You found it in an ice cave)
Jewellery
 e - an amulet of reflection
   (You found it on level 5 of the Lair of Beasts)
 g - a ring of flight
   (You found it on level 11 of the Dungeon)
 i - a +6 ring of strength (right hand)
   (You found it on level 1 of the Swamp)
 n - the amulet "Silibb" (around neck) {Acrobat rF+ Will+ Dex-4 Slay+3}
   (You bought it in a shop on level 14 of the Dungeon)

   [amulet of the acrobat]

   It increases your evasion while moving and waiting.
   Dex:       It affects your dexterity (-4).
   Slay:      It affects your accuracy & damage with ranged weapons and melee
   (+3).
   rF:        It protects you from fire.
   Will:      It increases your willpower.
 C - a ring of resist corrosion
   (You took it off an orc on level 10 of the Dungeon)
 F - the ring "Ebladem" {rF+ SInv}
   (You found it in the Desolation of Salt)

   [ring of protection from fire]

   rF:        It protects you from fire.
   SInv:      It lets you see invisible.
 G - a +6 ring of dexterity (left hand)
   (You found it on level 4 of the Lair of Beasts)
 I - a ring of protection from cold
   (You found it on level 1 of the Dungeon)
 P - a ring of poison resistance
   (You took it off a deep elf death mage on level 3 of the Elven Halls)
Wands
 f - a wand of flame (23)
   (You found it on level 5 of the Lair of Beasts)
 o - a wand of polymorph (5)
   (You found it on level 1 of the Lair of Beasts)
 u - a wand of paralysis (5)
   (You took it off Erica on level 8 of the Dungeon)
 x - a wand of acid (2)
   (You found it on level 1 of the Swamp)
 D - a wand of digging (30)
   (You found it on level 5 of the Dungeon)
 R - a wand of mindburst (32)
   (You found it on level 7 of the Dungeon)
 X - a wand of roots (18)
   (You took it off an orc priest on level 9 of the Dungeon)
Scrolls
 d - 4 scrolls of poison {!r}
 q - 7 scrolls of fear
 t - 13 scrolls of teleportation {@r4}
 y - a scroll of silence
 z - 7 scrolls of fog
 A - 2 scrolls of enchant weapon
 B - 7 scrolls of magic mapping
 T - 3 scrolls of blinking
Potions
 h - 2 potions of resistance
 k - 22 potions of curing {@q1}
 l - 2 potions of attraction {!q}
 m - 3 potions of flight
 H - 5 potions of haste {@q3}
 J - 3 potions of magic
 K - 6 potions of mutation {!q}
 N - 6 potions of heal wounds {@q2}
 O - a potion of might
 S - 3 potions of cancellation
 W - 2 potions of berserk rage
Miscellaneous
 c - a box of beasts
   (You found it on level 2 of the Spider Nest)
 Q - a tin of tremorstones (inert)
   (You found it on level 15 of the Dungeon)
 V - a condenser vane (inert)
   (You found it in the Desolation of Salt)
 Z - a phantom mirror
   (You found it on level 9 of the Dungeon)


   Skills:
 + Level 17.5(22.5) Fighting
 * Level 18.5(24.2) Axes
 - Level 6.7(18.7) Maces & Flails
 - Level 6.0(18.5) Polearms
 - Level 1.0(10.8) Staves
 - Level 18.5(23.5) Ranged Weapons
 - Level 8.8(13.8) Throwing
 + Level 19.0(24.0) Armour
 - Level 10.8(15.8) Dodging
 + Level 12.1(17.1) Stealth
 - Level 8.6 Translocations
 - Level 11.1 Invocations
 - Level 10.3 Evocations


You had 16 spell levels left.
You knew the following spells:

 Your Spells              Type           Power      Damage    Failure   Level
a - Lesser Beckoning      Tloc           20%        N/A       9%          2
b - Blink                 Tloc           20%        N/A       9%          2
c - Apportation           Tloc           20%        N/A       5%          1

Your spell library contained the following spells:

 Spells                   Type           Power      Damage    Failure   Level
 Momentum Strike          Conj/Tloc      10%        3d8       43%         2
 Passage of Golubria      Tloc           10%        N/A       47%         4
 Kindle Blastsparks       Fire/Tloc/Air  6%         2d10      86%         3
 Beastly Appendage        Tmut           0%         N/A       88%         1
 Magic Dart               Conj           0%         1d3       88%         1
 Cigotuvi's Dreadful Rot  Necr/Pois/Air  0%         N/A       95%         2
 Ensorcelled Hibernation  Hex/Ice        0%         N/A       95%         2
 Passwall                 Tmut/Erth      0%         N/A       95%         2
 Searing Ray              Conj           0%         2d4       95%         2
 Wereblood                Tmut           0%         N/A       95%         2
 Iskenderun's Mystic Bla  Conj/Tloc      5%         2d3       97%         4
 Dazzling Flash           Conj/Hex       0%         N/A       99%         3
 Hailstorm                Conj/Ice       0%         3d3       99%         3
 Ignite Poison            Fire/Tmut/Pois 0%         N/A       99%         3
 Inner Flame              Hex/Fire       0%         N/A       99%         3
 Ozocubu's Armour         Ice            0%         N/A       99%         3
 Spider Form              Tmut/Pois      0%         N/A       99%         3
 Stone Arrow              Conj/Erth      0%         3d7       99%         3
 Swiftness                Air            0%         N/A       99%         3
 Airstrike                Air            0%         2d(0-16)  100%        4
 Anguish                  Hex/Necr       0%         N/A       100%        4
 Dispel Undead            Necr           0%         3d6       100%        4
 Flame Wave               Conj/Fire      0%         2d4       100%        4
 Fulminant Prism          Conj/Hex       0%         3d5       100%        4
 Ice Form                 Ice/Tmut       0%         N/A       100%        4
 Leda's Liquefaction      Hex/Erth       0%         N/A       100%        4
 Alistair's Intoxication  Tmut/Pois      0%         N/A       100%        5
 Blade Hands              Tmut           0%         N/A       100%        5
 Borgnjor's Vile Clutch   Necr/Erth      0%         N/A       100%        5
 Freezing Cloud           Conj/Ice/Air   0%         6-21      100%        5
 Irradiate                Conj/Tmut      0%         3d11      100%        5
 Lee's Rapid Deconstruct  Erth           0%         3d4*      100%        5
 Lightning Bolt           Conj/Air       0%         1d11      100%        5
 Yara's Violent Unravell  Hex/Tmut       0%         3d3       100%        5
 Eringya's Noxious Bog    Tmut/Pois      0%         N/A       100%        6
 Iron Shot                Conj/Erth      0%         9d1       100%        6
 Starburst                Conj/Fire      0%         6d3       100%        6
 Statue Form              Tmut/Erth      0%         N/A       100%        6
 Dragon Form              Tmut           0%         N/A       100%        7
 Ozocubu's Refrigeration  Ice            0%         4d7       100%        7
 Lehudib's Crystal Spear  Conj/Erth      0%         10d2      100%        8
 Polar Vortex             Ice            0%         N/A       100%        9
 Summon Small Mammal      Summ           Unusable   N/A       N/A         1
 Tukima's Dance           Hex            Unusable   N/A       N/A         3
 Animate Armour           Summ/Erth      Unusable   N/A       N/A         4
 Summon Lightning Spire   Summ/Air       Unusable   N/A       N/A         4
 Summon Forest            Summ/Tloc      Unusable   N/A       N/A         5
 Death Channel            Necr           Unusable   N/A       N/A         6
 Simulacrum               Ice/Necr       Unusable   N/A       N/A         6
 Monstrous Menagerie      Summ           Unusable   N/A       N/A         7

Dungeon Overview and Level Annotations

Branches:
Dungeon (15/15)            Temple (0/1) D:4            Lair (5/5) D:9
  Swamp (4/4) Lair:2       Spider (4/4) Lair:2        Slime (0/5) Lair:4
    Orc (2/2) D:10            Elf (3/3) Orc:2        Vaults (4/5) D:14
  Crypt (0/3) Vaults:2     Depths (0/4) D:15          IceCv (visited)
Desolation (visited)

Altars:
Elyvilon
Gozag
Kikubaaqudgha
Makhleb
Nemelex Xobeh
Okawaru
Ru
Trog
Vehumet
Wu Jian
Xom
Zin
The Shining One
Jiyva

Shops:
D:1 ?   D:8 (   D:9 (   D:14 =   Orc:1 :[*   Orc:2 *:!(   Vaults:2 ****[

Portals:
Pandemonium: Orc:2

Annotations:
Elf:2 3 runed translucent doors
Vaults:3 3 runed translucent doors, Daydugri's ghost, adept HOFi; Leriaza's ghost, veteran DsVM; Pixtaico's ghost, adept FeNe; Vogeir's ghost, veteran HuIE; Yhewuk's ghost, adept GrGl


Innate Abilities, Weirdness & Mutations

You have a pair of horns on your head.
You reflexively headbutt those who attack you in melee.
You have supernaturally acute eyesight. (SInv)
You are clumsy. (Dex -2)
You expend magic power (3 MP) to strengthen your wands.


Message History

* * * LOW HITPOINT WARNING * * *
The titan is engulfed in poison gas.
The titan looks as sick as possible!
The titan waves its arms in wide circles.
The air twists around and strikes you.
The war gargoyle launches metal splinters at you.
The spray of metal splinters hits you!!!
* * * LOW HITPOINT WARNING * * *
The ettin hits you with a +0 dire flail.
* * * LOW HITPOINT WARNING * * *
The ettin closely misses you.
The titan is engulfed in poison gas.
The titan looks as sick as possible!
The titan mumbles some strange words.
The titan is healed somewhat.
The golden dragon bites you!!
* * * LOW HITPOINT WARNING * * *
The golden dragon claws you but does no damage.
The golden dragon tramples you but does no damage.
The vault warden is engulfed in poison gas.
The vault warden looks as sick as possible!
The vault warden activates a sealing rune.
The doors slam shut!
You are pushed out of the doorway!
a - a +3 heavy battleaxe (weapon)
You are engulfed in poison gas.
You are poisoned.
The grasping roots constrict the titan!
You feel sick.
A war gargoyle opens the door.
You feel very mighty all of a sudden.
You are engulfed in poison gas.
You are more poisoned.
* * * LOW HITPOINT WARNING * * *
The grasping roots constrict the titan!
You feel very sick.
The roots release their grip on the titan.
An ettin opens the door.
The vault warden is engulfed in poison gas.
The vault warden looks as sick as possible!
You kill the vault warden!
Okawaru accepts your kill.
The runic seals fade away.
The golden dragon bites you!!
* * * LOW HITPOINT WARNING * * *
The golden dragon claws you but does no damage.
The golden dragon tramples you but does no damage.
The titan is engulfed in poison gas.
The titan looks as sick as possible!
The titan hits you but does no damage.
You feel better.
You are engulfed in poison gas.
You are lethally poisoned!
* * * LOW HITPOINT WARNING * * *
* * * LOW HITPOINT WARNING * * *
You feel very sick.
The war gargoyle hits you with a +0 dire flail!
You die...

...#.#....'....).........#.....#.
...###....#.......)......#.....#.
...#.#....#..++++++++++..#.....#.
###...###.#..++++++++++..#.....##
.#.....#..#..++++++++++..#.......
###...###.#..++'§§§§+++..#.......
...#.#....#..+C§§§§§+++..#.......
...###.<..#..++9CW§§+++..#....)))
...#(#....#..+CD@§§§+++..#.......
..........#..++'+++++++..#......)
###########..++++++++++..#.......
..........#..++++++++++..#.......
..........#..............#.......
..........#..............#.......
..........######+#########.......
..........#........*.............
..........#........*........#####


You could see a titan (extremely poisoned), a golden dragon, a stone giant
(poisoned), an ettin (poisoned), a war gargoyle and a phantasmal warrior.

Vanquished Creatures
  Boris (Vaults:3)
  Margery (Vaults:3)
  2 tentacled monstrosities
  Jorgrun (D:13)
  2 deep elf master archers (Elf:3)
  2 deep elf blademasters (Elf:3)
  Gastronok (D:8)
  An ancient champion (Vaults:2)
  Agnes (Spider:2)
  A sphinx (Vaults:4)
  Roxanne (Swamp:1)
  A storm dragon (D:15)
  Donald (Spider:4)
  The ghost of Qiklifehof the Grappler, a journeyman TrMo of Qazlal (Elf:2)
  A tengu reaver (D:15)
  3 imperial myrmidons (Desolation)
  6 vault wardens
  6 emperor scorpions
  A fire giant (D:15)
  3 deep elf sorcerers (Elf:3)
  A cacodemon (D:14)
  Louise (Elf:2)
  12 ironbound preservers
  5 ghost moths
  A deep elf elementalist (Elf:3)
  A reaper (IceCv)
  2 orc warlords
  A war gargoyle (Vaults:4)
  6 very ugly things
  6 ironbound thunderhulks
  2 broodmothers
  A stone giant (Vaults:4)
  An eleionoma (Swamp:2)
  8 deep elf demonologists (Elf:3)
  A vampire knight (Vaults:2)
  5 deep elf annihilators
  Nessos (D:14)
  3 bunyips
  14 dire elephants
  A halazid warlock (Desolation)
  An eidolon (Vaults:2)
  3 spark wasps
  4 crystal guardians
  6 deep elf death magi (Elf:3)
  5 fire dragons
  6 entropy weavers
  5 yaktaur captains
  3 deep elf high priests
  4 great orbs of eyes
  11 vault guards
  The ghost of Jiolyugh the Geomancer, a journeyman GrEE of Qazlal (D:14)
  7 ragged hierophants (Desolation)
  A catoblepas (Lair:1)
  10 peacekeepers
  2 servants of whispers
  23 hydras
  3 demonspawn (Orc:2)
  3 ghost crabs
  7 radroaches
  2 jorogumos (Spider:3)
  12 centaur warriors
  17 boulder beetles
  15 dancing weapons
  Erica (D:8)
  6 ironbound frosthearts
  A death knight (D:9)
  2 two-headed ogres (D:9)
  10 alligators
  2 tengu warriors (D:14)
  5 death yaks
  The ghost of testman the Slicer, a novice GnWn of Dithmenos (D:8)
  A deep troll earth mage (D:14)
  Urug (Lair:5)
  7 orc high priests (Orc:2)
  3 hell knights (Vaults:3)
  A soul eater (Vaults:2)
  8 pharaoh ants
  14 deep elf knights
  2 spriggan druids (Swamp:4)
  A sixfirhy (Orc:1)
  A fire crab (Swamp:4)
  7 skeletal warriors
  7 goliath frogs
  The ghost of kingofthe the Chopper, a novice GnCK of Xom (D:6)
  The ghost of cforsyth the Destroyer, a novice TeFE (D:8)
  2 fire crabs (shapeshifter)
  23 deep trolls
  4 orb spiders
  2 glowing orange brains
  4 bog bodies
  13 deep elf archers
  6 steelbarb worms
  A wizard (Vaults:2)
  13 swamp dragons
  A deep troll (shapeshifter) (D:15)
  3 harpies (Vaults:3)
  12 ironbound convokers
  8 orc knights
  6 lindwurms
  Pikel (D:9)
  A phantasmal warrior (Vaults:4)
  18 deep elf zephyrmancers
  An iron dragon zombie (Vaults:4)
  8 necromancers
  6 orc sorcerers
  24 deep elf pyromancers
  23 ugly things
  8 cyclopes
  2 will-o-the-wisps
  A salamander (D:15)
  18 wolf spiders
  6 moths of wrath
  A manticore (D:15)
  23 elephants
  A human skeleton (Vaults:4)
  An ice statue (IceCv)
  Joseph (D:9)
  9 black mambas
  11 demonic crawlers
  2 guardian serpents (Desolation)
  A stone giant skeleton (Vaults:2)
  8 torpor snails
  11 vault sentinels
  A black mamba (shapeshifter) (D:14)
  A yaktaur zombie (Vaults:4)
  A smoke demon (Orc:2)
  A water nymph (Spider:4)
  21 cane toads
  3 gargoyles
  2 molten gargoyles
  2 rime drakes (Lair:3)
  2 kobold demonologists
  24 yaktaurs
  3 efreet
  7 komodo dragons
  A komodo dragon (shapeshifter) (Lair:5)
  A yaktaur (shapeshifter) (D:14)
  4 freezing wraiths
  A tengu conjurer (D:14)
  A red devil (Orc:2)
  2 elf skeletons
  2 hellwings (Orc:2)
  A meliai (shapeshifter) (Elf:1)
  A tarantella (shapeshifter) (D:14)
  6 meliai
  7 trolls
  2 polar bears
  A queen bee (D:12)
  13 tyrant leeches
  A wolf spider simulacrum (D:14)
  52 saltlings
  12 hornets
  22 tarantellas
  An ettin zombie (Vaults:1)
  A raiju (shapeshifter) (D:14)
  17 blink frogs
  18 dream sheep
  A centaur simulacrum (D:13)
  23 jumping spiders
  An elf simulacrum (Vaults:2)
  2 air elementals (Elf:1)
  22 slime creatures
  A culicivora (shapeshifter) (D:13)
  19 culicivoras
  A vampire (D:11)
  12 spriggans
  42 yaks
  4 wyverns
  A yak (shapeshifter) (D:14)
  2 fire elementals (Elf:1)
  18 humans (D:14)
  7 basilisks
  49 redbacks
  2 neqoxecs (D:14)
  Grum (D:8)
  8 vampire mosquitoes
  5 steam dragons
  A warg (Orc:2)
  5 death yak simulacra (IceCv)
  14 water moccasins
  A hydra simulacrum (IceCv)
  A harpy simulacrum (IceCv)
  13 swamp worms
  An acid dragon (D:8)
  11 swamp drakes
  29 orc warriors
  4 black bears
  An ettin simulacrum (Vaults:4)
  7 wolves
  6 boggarts
  3 ogres (Orc:1)
  4 centaurs
  4 phantoms
  A kobold brigand (D:9)
  18 bullfrogs
  2 human zombies
  A necrophage (D:7)
  6 two-headed ogre simulacra
  4 earth elementals
  A scorpion (D:5)
  2 cane toad simulacra
  11 wights
  30 killer bees
  An elephant simulacrum (D:12)
  6 howler monkeys
  9 electric eels
  2 jellies (D:6)
  A hound (D:3)
  Crazy Yiuf (D:2)
  24 orc priests
  27 orc wizards
  3 polar bear simulacra (IceCv)
  4 spriggan simulacra
  3 wolf simulacra (IceCv)
  5 troll simulacra
  8 adders
  13 gnolls
  8 naga simulacra
  5 shadow imps
  6 white imps
  7 ufetubi (IceCv)
  2 worms (D:3)
  2 dart slugs
  81 orcs
  4 bats (D:1)
  8 endoplasms
  5 giant cockroaches
  8 goblins
  15 hobgoblins
  2 jackals (D:5)
  3 quokkas
  3 training dummies (D:8)
  6 ball pythons
  4 frilled lizards
  11 kobolds
  A rat (D:1)
  2 butterflies (Lair:1)
1555 creatures vanquished.

Vanquished Creatures (others)
  A deep elf knight (Elf:1)
  3 bloated husks
  A golden eye (shapeshifter) (D:14)
  A swamp drake (Swamp:4)
  A centaur simulacrum (D:9)
  4 foxfires (Swamp:2)
  38 fungi
  78 plants
  3 withered plants
130 creatures vanquished.

Grand Total: 1685 creatures vanquished

Notes
Turn   | Place    | Note
-------+----------+-------------------------------------------
     0 | D:1      | Pooter the Minotaur Hunter began the quest for the Orb.
     0 | D:1      | Reached XP level 1. HP: 18/18 MP: 0/0
    33 | D:1      | Found Pahang's Magic Scroll Boutique.
   144 | D:1      | Reached XP level 2. HP: 25/25 MP: 1/1
   367 | D:1      | Reached skill level 1 in Polearms
   384 | D:1      | Bought a scroll of identify for 28 gold pieces
  1010 | D:2      | Reached skill level 5 in Ranged Weapons
  1010 | D:2      | Reached XP level 3. HP: 24/31 MP: 2/2
  1218 | D:1      | Bought a scroll of identify for 28 gold pieces
  1275 | D:2      | Found a runed translucent door.
  1276 | D:2      | Noticed Crazy Yiuf
  1452 | D:2      | Reached skill level 1 in Staves
  1661 | D:2      | Reached skill level 1 in Axes
  1661 | D:2      | Reached XP level 4. HP: 22/38 MP: 3/3
  1841 | D:2      | Killed Crazy Yiuf
  1979 | D:3      | Reached XP level 5. HP: 45/45 MP: 4/4
  2099 | D:3      | Found a glowing silver altar of Zin.
  2100 | D:3      | Found a sparkling altar of Nemelex Xobeh.
  2101 | D:3      | Found a shimmering altar of Xom.
  2104 | D:3      | Found an ornate altar of the Wu Jian Council.
  2106 | D:3      | Found a sacrificial altar of Ru.
  2108 | D:3      | Found a white marble altar of Elyvilon.
  2400 | D:1      | Bought a scroll of identify for 28 gold pieces
  2400 | D:1      | Bought a scroll of identify for 28 gold pieces
  2480 | D:3      | Identified the +2 sling "Tusmu" {freeze, *Corrode Dex+3}
  2739 | D:4      | Found an iron altar of Okawaru.
  2748 | D:4      | Became a worshipper of Warmaster Okawaru
  2983 | D:1      | Bought a scroll of fog for 56 gold pieces
  3046 | D:5      | Entered Level 5 of the Dungeon
  3046 | D:5      | Noticed a phantom
  3187 | D:4      | Reached XP level 6. HP: 42/52 MP: 5/5
  3240 | D:4      | Found a staircase to the Ecumenical Temple.
  3855 | D:5      | Reached * piety under Okawaru
  3856 | D:5      | Reached skill level 1 in Armour
  4076 | D:5      | Reached XP level 7. HP: 55/60 MP: 6/6
  4343 | D:5      | Reached skill level 1 in Invocations
  4561 | D:6      | Reached skill level 5 in Axes
  4578 | D:6      | Reached skill level 2 in Armour
  4625 | D:6      | Reached skill level 5 in Fighting
  4762 | D:6      | Reached XP level 8. HP: 68/68 MP: 8/8
  4849 | D:6      | Found a runed translucent door.
  4849 | D:6      | Noticed kingofthe's ghost (novice GnCK)
  5111 | D:6      | Reached skill level 3 in Armour
  5259 | D:6      | Reached ** piety under Okawaru
  5434 | D:6      | Upgraded the game from 0.30-a0-739-gea05faddec to
                  | 0.30-a0-743-gbfdf073431
  5756 | D:7      | Reached XP level 9. HP: 65/75 MP: 10/10
  5761 | D:7      | Reached skill level 4 in Armour
  5927 | D:7      | Found an opulent altar of Gozag.
  6431 | D:7      | Found a burning altar of Makhleb.
  6523 | D:8      | Noticed Gastronok
  6540 | D:8      | Killed Gastronok
  6540 | D:8      | Reached *** piety under Okawaru
  6541 | D:8      | Reached skill level 5 in Armour
  6541 | D:8      | Reached skill level 1 in Evocations
  6704 | D:8      | Found a runed translucent gate.
  6705 | D:8      | Found a runed translucent gate.
  6705 | D:8      | Found a runed translucent gate.
  6706 | D:8      | Noticed cforsyth's ghost (novice TeFE)
  6706 | D:8      | Noticed testman's ghost (novice GnWn)
  6933 | D:8      | Reached XP level 10. HP: 84/84 MP: 12/12
  6988 | D:8      | Found Pygofy's Firing Range.
  6990 | D:8      | Noticed Grum
  6999 | D:8      | Killed Grum
  7001 | D:8      | Bought a +0 arbalest for 54 gold pieces
  7263 | D:8      | Noticed Erica
  7264 | D:8      | Paralysed by Erica for 2 turns
  7271 | D:8      | Killed Erica
  7372 | D:8      | Reached skill level 5 in Polearms
  7613 | D:8      | Reached skill level 10 in Ranged Weapons
  7700 | D:9      | Noticed an elephant
  7753 | D:9      | Noticed Pikel
  7764 | D:9      | Killed Pikel
  7764 | D:9      | Reached **** piety under Okawaru
  8002 | D:9      | Killed an elephant
  8003 | D:9      | Reached skill level 6 in Armour
  8078 | D:9      | Reached skill level 5 in Invocations
  8117 | D:9      | Reached skill level 10 in Axes
  8296 | D:9      | Noticed a deep elf pyromancer
  8309 | D:9      | Killed a deep elf pyromancer
  8409 | D:9      | Reached XP level 11. HP: 87/94 MP: 5/13
  8957 | D:9      | Found Qadwya's Antique Weapon Shop.
  8963 | D:9      | Bought a fine war axe for 187 gold pieces
  8963 | D:9      | Identified the +6 war axe "Veicus" {heavy, *Corrode rElec
                  | rPois Stlth+} (You bought it in a shop on level 9 of the
                  | Dungeon)
  8970 | D:9      | Noticed Joseph
  8979 | D:9      | Killed Joseph
  9043 | D:9      | Identified the +2 cloak of Conscience {+Blink rElec rF-}
  9060 | D:9      | Found a staircase to the Lair.
  9061 | D:9      | Noticed a two-headed ogre
  9064 | D:9      | Killed a two-headed ogre
  9248 | D:9      | Noticed a four-headed hydra
  9248 | D:9      | Noticed a five-headed hydra
  9251 | D:9      | Noticed a death knight
  9386 | D:9      | HP: 1/94 [five-headed hydra (12)]
  9387 | D:9      | Killed a five-headed hydra
  9673 | D:9      | Killed a death knight
  9674 | D:9      | Reached skill level 7 in Armour
  9827 | D:9      | Noticed a fire crab
  9835 | D:9      | Killed a fire crab
  9835 | D:9      | Noticed a centaur warrior
  9841 | D:9      | Killed a centaur warrior
  9841 | D:9      | Reached ***** piety under Okawaru
 10086 | D:9      | Found a large runed translucent door.
 10086 | D:9      | Found a large runed translucent door.
 10184 | D:9      | Noticed a two-headed ogre
 10191 | D:9      | Killed a two-headed ogre
 10277 | D:9      | Received a gift from Okawaru
 10332 | D:9      | Killed a four-headed hydra
 10467 | D:9      | Found a glowing golden altar of the Shining One.
 10474 | D:9      | Found a bloodstained altar of Trog.
 10494 | D:10     | Entered Level 10 of the Dungeon
 10505 | D:10     | Paralysed by an orc warrior for 4 turns
 11737 | D:10     | Found a staircase to the Orcish Mines.
 11746 | Orc:1    | Entered Level 1 of the Orcish Mines
 11867 | Orc:1    | Found Nuwk's Armour Shop.
 11868 | Orc:1    | Found Buelunum's Book Boutique.
 11975 | Orc:1    | Reached XP level 12. HP: 103/103 MP: 15/15
 12275 | Orc:1    | Found Dageun's Assorted Antiques.
 12299 | Orc:1    | Bought a scroll of enchant weapon for 202 gold pieces
 12299 | Orc:1    | Bought a scroll of teleportation for 81 gold pieces
 12299 | Orc:1    | Bought a pink potion for 24 gold pieces
 12299 | Orc:1    | Bought a scroll labelled NEGAOTHR VUCW for 27 gold pieces
 12568 | Orc:2    | Entered Level 2 of the Orcish Mines
 12762 | Orc:1    | Received a gift from Okawaru
 13356 | Orc:2    | Reached skill level 8 in Armour
 14077 | Orc:2    | Reached skill level 5 in Evocations
 14077 | Orc:2    | Noticed an orc warlord
 14283 | Orc:1    | Killed an orc warlord
 14363 | Orc:2    | Found a staircase to the Elven Halls.
 16441 | Orc:2    | Found Nolem's Distillery.
 18139 | Orc:2    | Found Puetuud's General Store.
 19010 | Orc:2    | Bought a scroll of enchant weapon for 105 gold pieces
 19013 | Orc:2    | Bought a potion of curing for 39 gold pieces
 19013 | Orc:2    | Bought 2 potions of might for 104 gold pieces
 19013 | Orc:2    | Bought a potion of mutation for 104 gold pieces
 19013 | Orc:2    | Bought a potion of flight for 39 gold pieces
 19013 | Orc:2    | Bought a potion of curing for 39 gold pieces
 19827 | Orc:2    | Noticed an orc high priest
 20865 | Orc:2    | Noticed an orc high priest
 20872 | Orc:2    | Killed an orc high priest
 20898 | Orc:2    | Noticed an orc high priest
 20905 | Orc:2    | Noticed an orc high priest
 20908 | Orc:2    | Killed an orc high priest
 20912 | Orc:2    | Killed an orc high priest
 20912 | Orc:2    | Received a gift from Okawaru
 20930 | Orc:2    | Noticed a demonspawn
 20942 | Orc:2    | Killed a demonspawn
 20952 | Orc:2    | Noticed an orc high priest
 21159 | Orc:2    | Killed an orc high priest
 21194 | Orc:2    | Killed an orc high priest
 21195 | Orc:2    | Reached XP level 13. HP: 105/113 MP: 14/17
 21235 | Orc:2    | Reached skill level 10 in Fighting
 21269 | Orc:2    | Reached skill level 9 in Armour
 21556 | Orc:2    | Found Cazinneo's Book Boutique.
 21556 | Orc:2    | Found Habur's Antique Weapon Shop.
 21557 | Orc:2    | Found a one-way gate leading to the halls of Pandemonium.
 21982 | D:10     | Received a gift from Okawaru
 22154 | Lair:1   | Entered Level 1 of the Lair of Beasts
 22658 | Lair:1   | Gained mutation: Your muscles are strong. (Str +4, Int/Dex
                  | -1) [potion of mutation]
 22658 | Lair:1   | Gained mutation: You occasionally lose the ability to read
                  | scrolls when taking damage. [potion of mutation]
 22658 | Lair:1   | Lost mutation: You occasionally lose the ability to read
                  | scrolls when taking damage. [potion of mutation]
 22658 | Lair:1   | Gained mutation: You are agile. (Dex +4, Str/Int -1)
                  | [potion of mutation]
 22659 | Lair:1   | Lost mutation: Your muscles are strong. (Str +4, Int/Dex
                  | -1) [potion of mutation]
 22659 | Lair:1   | Lost mutation: You are agile. (Dex +4, Str/Int -1) [potion
                  | of mutation]
 22659 | Lair:1   | Gained mutation: You sometimes lose your temper in combat.
                  | [potion of mutation]
 22660 | Lair:1   | Lost mutation: You sometimes lose your temper in combat.
                  | [potion of mutation]
 22660 | Lair:1   | Gained mutation: You passively dampen the noise of your
                  | surroundings. [potion of mutation]
 22660 | Lair:1   | Gained mutation: Your mind is acute. (Int +4, Str/Dex -1)
                  | [potion of mutation]
 22661 | Lair:1   | Lost mutation: You passively dampen the noise of your
                  | surroundings. [potion of mutation]
 22661 | Lair:1   | Lost mutation: Your mind is acute. (Int +4, Str/Dex -1)
                  | [potion of mutation]
 22661 | Lair:1   | Gained mutation: You occasionally lose the ability to read
                  | scrolls when taking damage. [potion of mutation]
 22661 | Lair:1   | Gained mutation: You have an increased reservoir of magic.
                  | (+10% MP) [potion of mutation]
 22661 | Lair:1   | Gained mutation: Your flesh is cold resistant. (rC+)
                  | [potion of mutation]
 22662 | Lair:1   | Lost mutation: You have an increased reservoir of magic.
                  | (+10% MP) [potion of mutation]
 22662 | Lair:1   | Lost mutation: Your flesh is cold resistant. (rC+) [potion
                  | of mutation]
 22662 | Lair:1   | Lost mutation: You occasionally lose the ability to read
                  | scrolls when taking damage. [potion of mutation]
 22662 | Lair:1   | Gained mutation: Your mind is acute. (Int +4, Str/Dex -1)
                  | [potion of mutation]
 22662 | Lair:1   | Gained mutation: You have hidden genetic potential. [potion
                  | of mutation]
 22662 | Lair:1   | Gained mutation: You have an increased reservoir of magic.
                  | (+10% MP) [potion of mutation]
 23529 | Lair:2   | Found a staircase to the Swamp.
 23731 | Lair:2   | Found a hole to the Spider Nest.
 24758 | Lair:3   | Reached skill level 10 in Armour
 24928 | Lair:3   | Identified the +9 longbow of Karma {antimagic, *Corrode
                  | rN++ Dex+5} (Okawaru gifted it to you on level 3 of the
                  | Lair of Beasts)
 24928 | Lair:3   | Received a gift from Okawaru
 25032 | Lair:3   | Reached XP level 14. HP: 109/124 MP: 14/21
 25213 | Lair:3   | Identified the +4 war axe "Remuen" {vamp, Int+5}
 25948 | Lair:4   | Found a viscous altar of Jiyva.
 25949 | Lair:4   | Found a staircase to the Slime Pits.
 26491 | Lair:5   | Entered Level 5 of the Lair of Beasts
 26511 | Lair:5   | Reached skill level 15 in Axes
 26526 | Lair:5   | Gained mutation: You have large cloven feet. [hidden
                  | potential]
 26557 | Lair:5   | Received a gift from Okawaru
 26964 | Lair:5   | Noticed Urug
 26975 | Lair:5   | Reached skill level 15 in Ranged Weapons
 26978 | Lair:5   | Killed Urug
 27666 | Lair:5   | Reached skill level 11 in Armour
 27900 | Lair:5   | Identified the amulet of Nahaenty {RegenMP rElec rF- rCorr
                  | Str+2}
 28514 | D:11     | Reached XP level 15. HP: 126/132 MP: 21/23
 29081 | D:12     | Reached skill level 1 in Stealth
 29253 | D:12     | Found a frozen archway.
 29276 | IceCv    | Entered an ice cave
 31834 | IceCv    | Reached skill level 1 in Throwing
 31849 | IceCv    | Gained mutation: You expend magic power (3 MP) to
                  | strengthen your wands. [hidden potential]
 31849 | IceCv    | Lost mutation: You have hidden genetic potential. [hidden
                  | potential expressed]
 34422 | D:13     | Noticed Jorgrun
 34431 | D:13     | Killed Jorgrun
 34605 | D:13     | Received a gift from Okawaru
 34928 | D:14     | Found Watzui's Jewellery Boutique.
 34931 | D:14     | Bought the amulet "Silibb" {Acrobat rF+ Will+ Dex-4 Slay+3}
                  | for 699 gold pieces
 35231 | D:14     | Identified the +6 sling "Killer Klown's Curse" {freeze,
                  | rElec Will+}
 35681 | D:14     | Noticed Nessos
 35697 | D:14     | Killed Nessos
 35697 | D:14     | Received a gift from Okawaru
 35698 | D:14     | Reached skill level 10 in Invocations
 36373 | D:14     | Identified the +8 shortbow of Meager Judgement {flame,
                  | Dex+2}
 36382 | D:14     | Received a gift from Okawaru
 36602 | D:14     | Reached skill level 12 in Armour
 36751 | D:14     | Reached XP level 16. HP: 141/141 MP: 22/24
 36850 | D:14     | Found a gate to the Vaults.
 36946 | D:14     | Found a runed translucent gate.
 36947 | D:14     | Found a runed translucent gate.
 36947 | D:14     | Found a runed translucent gate.
 37468 | D:14     | Reached skill level 5 in Dodging
 37469 | D:14     | Found a runed translucent gate.
 37469 | D:14     | Found a runed translucent gate.
 37476 | D:14     | Noticed a tentacled monstrosity
 37476 | D:14     | Noticed Jiolyugh's ghost (journeyman GrEE)
 37478 | D:14     | Found a runed translucent gate.
 37490 | D:14     | Killed a tentacled monstrosity
 37492 | D:14     | Killed Jiolyugh's ghost
 37629 | D:14     | Identified the +1 hat of the Ancient Emperors {Will+++
                  | Str-3 Int+3 Stlth-}
 37829 | D:15     | Entered Level 15 of the Dungeon
 37854 | D:15     | Noticed a tengu reaver
 37957 | D:15     | Found a staircase to the Depths.
 38055 | D:15     | Noticed a storm dragon
 38065 | D:15     | Killed a storm dragon
 38247 | D:15     | Killed a tengu reaver
 39476 | Swamp:1  | Entered Level 1 of the Swamp
 39476 | Swamp:1  | Found the +3 Elemental Staff {rElec rF++ rC++ AC+5}
 39542 | Swamp:1  | Received a gift from Okawaru
 40182 | Swamp:1  | Noticed Roxanne
 40192 | Swamp:1  | Killed Roxanne
 40862 | Swamp:1  | Reached skill level 5 in Throwing
 41267 | D:1      | Bought a scroll of enchant weapon for 105 gold pieces
 41267 | D:1      | Bought a scroll of blinking for 105 gold pieces
 41267 | D:1      | Bought a scroll of blinking for 105 gold pieces
 42267 | Swamp:2  | Identified the +3 ring mail "Pojustru" {rF- Str+5} (Okawaru
                  | gifted it to you on level 2 of the Swamp)
 42267 | Swamp:2  | Received a gift from Okawaru
 42454 | Swamp:2  | Reached XP level 17. HP: 52/150 MP: 23/26
 43073 | Swamp:2  | Reached skill level 5 in Stealth
 45403 | Swamp:3  | Reached skill level 13 in Armour
 46778 | Swamp:4  | Entered Level 4 of the Swamp
 47668 | Swamp:4  | Received a gift from Okawaru
 48310 | Swamp:4  | Learned a level 1 spell: Apportation
 48413 | Swamp:4  | Got a decaying rune of Zot
 48529 | Spider:1 | Entered Level 1 of the Spider Nest
 48621 | Lair:2   | Received a gift from Okawaru
 49797 | Spider:1 | Reached skill level 1 in Translocations
 50089 | Spider:1 | Received a gift from Okawaru
 52007 | Spider:2 | Noticed Agnes
 52023 | Spider:2 | Killed Agnes
 52639 | Spider:2 | Reached skill level 10 in Evocations
 53424 | Spider:2 | Reached XP level 18. HP: 75/161 MP: 28/28
 54008 | Spider:3 | Lost mutation: Your mind is acute. (Int +4, Str/Dex -1)
                  | [potion of mutation]
 54008 | Spider:3 | Lost mutation: You have large cloven feet. [potion of
                  | mutation]
 54008 | Spider:3 | Lost mutation: You have an increased reservoir of magic.
                  | (+10% MP) [potion of mutation]
 54008 | Spider:3 | Gained mutation: Your spells are a little easier to cast,
                  | but a little less powerful. [potion of mutation]
 54008 | Spider:3 | Lost mutation: Your spells are a little easier to cast, but
                  | a little less powerful. [potion of mutation]
 54008 | Spider:3 | Gained mutation: You have supernaturally acute eyesight.
                  | (SInv) [potion of mutation]
 54359 | Spider:3 | Identified the +0 long sword of the Apocalypse {holy, Str+2
                  | Stlth+}
 55013 | Spider:3 | Reached skill level 14 in Armour
 55136 | Spider:3 | Received a gift from Okawaru
 56012 | Spider:4 | Entered Level 4 of the Spider Nest
 59041 | Spider:4 | Identified the +3 kite shield "Hitium" {Contam Harm rPois
                  | rCorr}
 59041 | Spider:4 | Noticed Donald
 59051 | Spider:4 | Killed Donald
 60655 | Spider:4 | Reached skill level 15 in Armour
 60655 | Spider:4 | Reached skill level 5 in Translocations
 60655 | Spider:4 | Reached XP level 19. HP: 169/169 MP: 26/26
 60683 | Spider:4 | Got a gossamer rune of Zot
 61124 | Elf:1    | Entered Level 1 of the Elven Halls
 61845 | Elf:1    | Paralysed by an air elemental for 1 turns
 61959 | Elf:1    | Reached skill level 15 in Fighting
 62978 | Elf:2    | Found a runed translucent gate.
 62978 | Elf:2    | Found a runed translucent gate.
 62978 | Elf:2    | Found a runed translucent gate.
 62991 | Elf:2    | Received a gift from Okawaru
 63215 | Elf:2    | Reached XP level 20. HP: 114/178 MP: 27/27
 63359 | Elf:2    | Found an ancient bone altar of Kikubaaqudgha.
 63615 | Elf:2    | Identified the +7 plate armour "Woomn" {rElec rN++}
 63697 | Elf:2    | Noticed Louise
 63704 | Elf:2    | Killed Louise
 63792 | Elf:2    | Found a large runed translucent door.
 63792 | Elf:2    | Found a large runed translucent door.
 63794 | Elf:2    | Noticed Qiklifehof's ghost (journeyman TrMo)
 63812 | Elf:2    | Killed Qiklifehof's ghost
 64314 | Elf:3    | Entered Level 3 of the Elven Halls
 64320 | Elf:3    | Identified the +6 flail of the Grave {pain, rF+ Dex+3 SInv
                  | Stlth-}
 64344 | Elf:3    | Reached skill level 16 in Armour
 64602 | Elf:3    | Received a gift from Okawaru
 64799 | Elf:2    | Found a radiant altar of Vehumet.
 65160 | Elf:3    | Received a gift from Okawaru
 65873 | Elf:3    | Identified the +3 plate armour of Refuge {rCorr Str-4
                  | Slay+5 Stlth+}
 66371 | Elf:3    | Identified the +3 spear of Hyamud {flame, rC+ Str+2}
 66378 | Elf:3    | Gained mutation: You are clumsy. (Dex -2) [a neqoxec]
 66541 | Elf:3    | Identified the +6 long sword "Acrib" {flame, rPois rF+
                  | Stlth-}
 66551 | Elf:3    | Upgraded the game from 0.30-a0-743-gbfdf073431 to
                  | 0.30-a0-748-ge6a52f7cba
 66690 | Elf:3    | Learned a level 2 spell: Blink
 66693 | Elf:3    | Learned a level 2 spell: Lesser Beckoning
 66701 | Elf:3    | Identified the +3 ring mail of Summertime {rCorr Dex+3}
 66727 | Elf:3    | Identified the +1 scale mail "Giyss" {rPois}
 66749 | Elf:3    | Got the Octavo of Classification
 67357 | D:8      | Killed testman's ghost
 67358 | D:8      | Killed cforsyth's ghost
 67359 | D:8      | Reached skill level 10 in Dodging
 67451 | D:6      | Killed kingofthe's ghost
 67452 | D:6      | Reached skill level 1 in Maces & Flails
 67727 | Vaults:1 | Entered Level 1 of the Vaults
 67876 | Vaults:1 | Received a gift from Okawaru
 68218 | Vaults:1 | Found a crumbling gateway.
 68222 | Vaults:1 | Reached skill level 17 in Armour
 68254 | Desolati | Entered the Desolation of Salt
 68560 | Desolati | Received a gift from Okawaru
 70508 | Desolati | Found the +7 Spriggan's Knife {stab, EV+4 Stlth+}
 70511 | Desolati | Identified the +8 mace of the Dozen Artisans {speed, rElec
                  | rF+ MP+9 Int+3}
 70512 | Desolati | Identified the +0 spear of Perversion {freeze, rF+ rC+ SInv
                  | Stlth-}
 70519 | Desolati | Identified the ring "Itikk" {Wiz Will++}
 70750 | Desolati | Received a gift from Okawaru
 71530 | Desolati | HP: 11/270 [imperial myrmidon/+1 halberd of venom (11)]
 71534 | Desolati | HP: 1/270 [imperial myrmidon/+1 halberd of venom (12)]
 71954 | Desolati | Identified the +0 pair of gloves "Wiqott" {rC+ rN+}
 71962 | Desolati | Identified the quicksilver dragon scales of the Stallion
                  | {*Slow rElec rC+ Will+ Dex+4}
 71966 | Desolati | Identified the ring "Xisex" {rF++ AC+4 Str+3}
 71968 | Desolati | Identified the +4 glaive of Mastery {heavy, rF++ rN+ Str+3}
 71995 | Desolati | Reached skill level 5 in Maces & Flails
 72267 | Desolati | Reached XP level 21. HP: 169/188 MP: 28/28
 72312 | Desolati | Identified the ring "Ebladem" {rF+ SInv}
 72329 | Desolati | Got the Precepts of the Generative Volcano
 72876 | Vaults:1 | Received a gift from Okawaru
 73181 | Vaults:1 | Identified the +3 plate armour of the Flute {Dex+4}
 73797 | Vaults:2 | Found Yletiv's Assorted Antiques.
 73797 | Vaults:2 | Found Iloq's General Store.
 73813 | Vaults:2 | Bought a wand of paralysis (5) for 216 gold pieces
 73897 | Vaults:2 | You fall into a shaft and drop 2 floors!
 74377 | Vaults:3 | Found a flickering gateway to a bazaar.
 74382 | Bazaar   | Entered a bazaar
 74386 | Bazaar   | Found Xatofolur's Antique Weapon Boutique.
 74404 | Bazaar   | Found Laebbapt's Antique Weapon Shoppe.
 74421 | Bazaar   | Found Mops's Jewellery Boutique.
 74438 | Bazaar   | Found Xasaov's Antique Armour Emporium.
 74467 | Bazaar   | Bought the +0 mask of the Dragon {Will+ Slay+3 SInv} for
                  | 1035 gold pieces
 74467 | Bazaar   | Found the +0 mask of the Dragon {Will+ Slay+3 SInv}
 74492 | Bazaar   | Bought a runed arbalest for 240 gold pieces
 74637 | Vaults:2 | Found a staircase to the Crypt.
 74898 | Vaults:2 | Found Kitz's Assorted Antiques.
 74932 | Vaults:2 | Reached skill level 18 in Armour
 75501 | Vaults:2 | Reached skill level 10 in Stealth
 76247 | Vaults:2 | Found Cemourch's Assorted Antiques.
 76288 | Vaults:2 | Bought a potion of cancellation for 224 gold pieces
 76320 | Vaults:2 | Found Wiykkomi's Antique Armour Boutique.
 76575 | Vaults:3 | Noticed Margery
 76606 | Vaults:3 | Killed Margery
 76993 | Vaults:3 | Found a runed translucent gate.
 76993 | Vaults:3 | Found a runed translucent gate.
 76993 | Vaults:3 | Found a runed translucent gate.
 76993 | Vaults:3 | Noticed Vogeir's ghost (veteran HuIE)
 76993 | Vaults:3 | Noticed Yhewuk's ghost (adept GrGl)
 76994 | Vaults:3 | Noticed Pixtaico's ghost (adept FeNe)
 76994 | Vaults:3 | Noticed Daydugri's ghost (adept HOFi)
 76994 | Vaults:3 | Noticed Leriaza's ghost (veteran DsVM)
 77190 | Vaults:3 | Noticed Boris
 77195 | Vaults:3 | Killed Boris
 77962 | Vaults:3 | Received a gift from Okawaru
 79175 | Vaults:4 | Received a gift from Okawaru
 79717 | Vaults:4 | Received a gift from Okawaru
 79963 | Vaults:4 | Reached XP level 22. HP: 191/200 MP: 29/29
 80141 | Vaults:4 | Found a huge runed gate.
 80150 | Vaults:4 | Received a gift from Okawaru
 80252 | Vaults:4 | Found a huge runed gate.
 80252 | Vaults:4 | Found a huge runed gate.
 80253 | Vaults:4 | Found a huge runed gate.
 80253 | Vaults:4 | Found a huge runed gate.
 80254 | Vaults:4 | Found a huge runed gate.
 80254 | Vaults:4 | Found a huge runed gate.
 80254 | Vaults:4 | Found a huge runed gate.
 80254 | Vaults:4 | Found a huge runed gate.
 80254 | Vaults:4 | Found a huge runed gate.
 80255 | Vaults:4 | Found a huge runed gate.
 80255 | Vaults:4 | Found a huge runed gate.
 80256 | Vaults:4 | Found a huge runed gate.
 80257 | Vaults:4 | Found a huge runed gate.
 80262 | Vaults:4 | Found a huge runed gate.
 80263 | Vaults:4 | Found a huge runed gate.
 80271 | Vaults:4 | Found a huge runed gate.
 80271 | Vaults:4 | Found a huge runed gate.
 80271 | Vaults:4 | Found a huge runed gate.
 80271 | Vaults:4 | Found a huge runed gate.
 80271 | Vaults:4 | Found a huge runed gate.
 80271 | Vaults:4 | Found a huge runed gate.
 80272 | Vaults:4 | Found a huge runed gate.
 80273 | Vaults:4 | Found a huge runed gate.
 80274 | Vaults:4 | Found a huge runed gate.
 80282 | Vaults:4 | Found a huge runed gate.
 80282 | Vaults:4 | Found a huge runed gate.
 80282 | Vaults:4 | Found a huge runed gate.
 80282 | Vaults:4 | Found a huge runed gate.
 80282 | Vaults:4 | Found a huge runed gate.
 80282 | Vaults:4 | Found a huge runed gate.
 80282 | Vaults:4 | Found a huge runed gate.
 80283 | Vaults:4 | Found a huge runed gate.
 80284 | Vaults:4 | Found a huge runed gate.
 80292 | Vaults:4 | Found a huge runed gate.
 80292 | Vaults:4 | Found a huge runed gate.
 80301 | Vaults:4 | Noticed a golden dragon
 80305 | Vaults:4 | Reached skill level 19 in Armour
 80309 | Vaults:4 | HP: 8/200 [golden dragon (22)]
 80310 | Vaults:4 | HP: 3/200 [poisoned by you (poison gas)]
 80310 | Vaults:4 | Mangled by a war gargoyle

Illustrated notes

Levels and vault maps discovered:
D:1:      eino_arrival_water_cross, layout_basic, serial_shops, shop
D:2:      layout_rooms, kennysheep_generic_room_9, uniq_crazy_yiuf_cottage
D:3:      layout_loops_ring, minitemple
D:4:      layout_basic, okawaru_altar_gauntlet_db,
          minmay_temple_entry_proselytizer, grunt_decor_one_mirror,
          wad_floor_pattern_untrapped
D:5:      layout_cave_pools, minmay_puff
D:6:      layout_loops_ring, gammafunk_ghost_grave,
          corexii_item_surrounded_by_moat, chequers_serial_rivers_room_a
D:7:      layout_basic, nicolae_gozag_seed_capital, makhleb_grotto_becter
D:8:      layout_gridville, gammafunk_ghost_cemetery, nicolae_shop_firing_range,
          uniq_grum, uniq_erica, uniq_gastronok
D:9:      hangedman_cross_veins, layout_irregular_city, jmf_multi_god_temple2,
          david_lair_generic, serial_shops, shop_statue,
          kennysheep_another_room, uniq_pikel, uniq_joseph
D:10:     layout_loops_ring, hiddenorc2_lemuel
D:11:     layout_roguey
D:12:     minmay_angry_zag, layout_basic, portal_ice_cave_entry_ice_simulacra,
          special_room [special_room_bee]
D:13:     layout_roguey, uniq_jorgrun
D:14:     nzn_winding_woodlands_stair_cross
          [nzn_winding_woodlands_5x15_sawtooth,
          nzn_winding_woodlands_center_diamonds,
          nzn_winding_woodlands_5x15_pockets, nzn_winding_woodlands_hourglass,
          nzn_winding_woodlands_5x5_checkerboard,
          nzn_winding_woodlands_5x15_crooked,
          nzn_winding_woodlands_center_triple_pond,
          nzn_winding_woodlands_5x15_eye], layout_long_grid,
          grunt_vaults_entry_tiered, kennysheep_pointless_box, serial_shops,
          nicolae_stop_n_shop_2, ploomutoo_gammafunk_ghost_potion_laboratory,
          uniq_nessos
D:15:     hangedman_depths_entry_try_elsewhere_first, layout_loops_cross,
          minmay_misc_feat_secret_circle, minmay_checkered_concentric_circles
Lair:1:   layout_loops_ring, lemuel_fruit_fields
Lair:2:   layout_gridlike, minmay_swamp_entry_worms, spider_nest_entry_rubble
Lair:3:   layout_roguey, nzn_random_ring
Lair:4:   layout_cave_pods, slime_entry_1
Lair:5:   minmay_lair_end_frog_pond, layout_regular_city, grunt_megastairs_3,
          infiniplex_staircase_pool, uniq_urug
Swamp:1:  layout_falls_marsh, nicolae_swamp_bean_lake, uniq_roxanne
Swamp:2:  layout_basic_swamp, nicolae_swamp_decorative_isthmus
Swamp:3:  layout_basic_swamp, nicolae_swamp_oxbows
Swamp:4:  swamp_fiery, layout_basic_swamp, ebering_ghost_funeral_grove
Spider:1: layout_spider_delve
Spider:2: nicolae_spider_hall_of_the_moth_king, uniq_agnes
Spider:3: layout_chambers, nicolae_spider_jagged_tunnels,
          hangedman_spider_tarantella_strand
Spider:4: hellmonk_spider_rune_bug_friends, uniq_donald
Orc:1:    layout_diamond_mine, serial_shops, shop, nicolae_diamond_shop,
          shop_coins, nicolae_orc_pool_cavern, nicolae_orc_damp_corner
Orc:2:    pf_orc_diabolical, layout_caves
Elf:1:    layout_gridlike, evilmike_minifort
Elf:2:    nicolae_elf_blades_splatter_lattice [nicolae_blade_entry_antechamber],
          layout_loops_corners, basic_altar, ebering_ghost_disaster_area,
          lemuel_upstairs_altar, uniq_louise
Elf:3:    grunt_elf_hall_asides, layout_gridlike
Vaults:1: portal_desolation_entry_salt, nicolae_vaults_inception_statues,
          nicolae_vaults_diagonal_hallway_8,
          vaults_room_grunt_arrival_checkpoint, nicolae_vaults_network_barrier,
          nicolae_vaults_little_squares_5, v_misc_30, hangedman_vaults_slice,
          grunt_vaults_diagonal, nicolae_vaults_little_squares_5,
          layout_vaults_quadrants
Vaults:2: v_alt_pattern_1, v_misc_5, vaults_dpeg_ring,
          minmay_crypt_entry_simple_box, hangedman_vaults_restitches,
          nicolae_vaults_shelves_hall, v_pattern_4, v_misc_15, v_alt_pattern_2,
          vaults_dpeg_cross, nicolae_vaults_circle_grid_a,
          nicolae_vaults_network_s, ontoclasm_vaults_spin,
          ontoclasm_vaults_twist, nicolae_vaults_theta,
          vaults_room_stairs_pillars, layout_vaults_maze_snakey, serial_shops,
          nicolae_shop_trees, nicolae_shop_overgrown_old_shop,
          nicolae_lakefront_shop, nicolae_shop_trees,
          nicolae_shop_overgrown_old_shop
Vaults:3: gammafunk_ghost_cemetery, hangedman_vaults_locks, vaults_room_octagon,
          hangedman_vaults_trim, vaults_dpeg_emergency_exit, v_misc_3,
          v_misc_30, v_alt_pattern_6, st_cross, v_pattern_1, vaults_mumra_lcd,
          layout_vaults_omnicross, serial_shops, bzr_entry_dummy, uniq_boris,
          uniq_margery
Vaults:4: vaults_room_stairs_pillars, ontoclasm_vaults_bender, door_vault,
          ontoclasm_vaults_ligature, grunt_vaults_swirl,
          hangedman_vaults_river_flow, nicolae_vaults_asterisk,
          nicolae_vaults_what_the_h, layout_vaults_chaotic_city

Skill      XL: |  1  2  3  4  5  6  7  8  9 10 11 12 13 14 15 16 17 18 19 20 21 22 |
---------------+-------------------------------------------------------------------+-----
Polearms       | 1 3 4 5 6 |  6.0
Fighting       | 3 4 5 6 7 8 9 11 12 13 14 15 16 17 | 17.5
Ranged Weapons | 5 6 7 8 9 10 11 13 14 15 16 17 18 | 18.5
Staves         | 1 |  1.0
Axes           | 1 2 3 4 5 7 8 10 11 13 14 16 18 | 18.5
Armour         | 1 2 3 5 6 7 8 10 11 12 13 15 17 18 19 | 19.0
Invocations    | 2 3 4 5 6 7 8 9 10 11 | 11.1
Evocations     | 1 3 4 5 6 7 8 9 10 | 10.3
Stealth        | 3 4 6 7 9 11 12 | 12.1
Throwing       | 3 5 6 7 8 |  8.8
Dodging        | 4 6 7 8 9 10 | 10.8
Translocations | 2 5 6 8 |  8.6
Maces & Flails | 5 6 |  6.7

Action                     |  1- 3 |  4- 6 |  7- 9 | 10-12 | 13-15 | 16-18 | 19-21 | 22-24 || total
---------------------------+-------+-------+-------+-------+-------+-------+-------+-------++-------
  Melee: Spear             |    19 |       |       |       |       |       |       |       ||    19
         Headbutt          |     4 |    15 |    30 |    53 |   111 |   164 |   101 |     4 ||   482
         Quarterstaff      |    12 |       |       |       |       |       |       |       ||    12
         Punch             |     2 |     2 |     1 |     5 |    18 |    11 |     7 |       ||    46
         Hand axe          |    12 |    17 |       |       |       |       |       |       ||    29
         War axe           |       |    52 |    45 |   150 |   509 |   546 |   293 |       ||  1595
         Dire flail        |       |       |   116 |   128 |    25 |    65 |       |       ||   334
         Kick              |       |       |       |       |    62 |     1 |       |       ||    63
         Battleaxe         |       |       |       |       |       |       |   135 |    16 ||   151
   Fire: Shortbow          |    83 |    63 |    68 |     4 |       |       |       |       ||   218
         Arbalest          |       |       |       |   248 |   488 |   503 |   493 |    25 ||  1757
  Throw: Dart              |       |       |     5 |     6 |       |       |       |       ||    11
         Stone             |       |       |     4 |       |       |       |       |       ||     4
         Javelin           |       |       |       |     2 |       |       |       |       ||     2
         Boomerang         |       |       |       |     1 |    10 |    12 |     9 |       ||    32
 Invoke: Heroism           |       |       |     7 |    26 |    32 |    36 |    36 |     2 ||   139
         Finesse           |       |       |       |     3 |     6 |     2 |     1 |       ||    12
  Evoke: Wand              |       |       |       |    11 |    16 |    11 |    12 |     1 ||    51
         Tin of tremorston |       |       |       |       |       |     6 |     7 |     2 ||    15
         Condenser vane    |       |       |       |       |       |       |     2 |     1 ||     3
    Use: Scroll            |     4 |    11 |     7 |    13 |    12 |    15 |    10 |       ||    72
         Potion            |       |       |       |     4 |    10 |    14 |    12 |     2 ||    42
   Stab: Paralysed         |       |       |       |     2 |     9 |       |     2 |       ||    13
         Petrified         |       |       |       |       |     7 |       |       |       ||     7
         Petrifying        |       |       |       |       |     1 |       |       |       ||     1
         Invisible         |       |       |       |       |       |     5 |       |       ||     5
         Distracted        |       |       |       |       |       |     1 |       |       ||     1
         Confused          |       |       |       |       |       |     1 |       |       ||     1
 Armour: Leather armour    |     1 |       |       |       |       |       |       |       ||     1
         Chain mail        |    55 |    52 |       |       |       |       |       |       ||   107
         Plate armour      |       |    19 |   162 |   322 |   544 |  1088 |   424 |    15 ||  2574
  Dodge: Dodged            |    34 |    33 |    72 |   205 |   480 |   802 |   470 |     8 ||  2104
  Block: Other             |       |       |       |       |    42 |       |       |       ||    42

Table legend: (Time is in decaauts)
 A = Elapsed time spent in this place.
 B = Non-inter-level travel time spent in this place.
 C = Inter-level travel time spent in this place.
 D = Time resting spent in this place.
 E = Time spent auto-exploring this place.
 F = Levels seen in this place.
 G = Mean time per level.
                   A        B        C        D        E       F      G
               +--------+--------+--------+--------+--------+-----+--------+
         Total |  81717 |  78353 |   3364 |  40905 |  24922 |  40 | 2042.9 |
       Dungeon |  20155 |  18570 |   1585 |   5119 |   9938 |  15 | 1343.7 |
          Lair |   7664 |   7174 |    490 |   1556 |   4306 |   5 | 1532.8 |
         Swamp |   8258 |   8097 |    161 |   5554 |   1686 |   4 | 2064.5 |
   Spider Nest |  12258 |  12129 |    129 |   7627 |   2872 |   4 | 3064.5 |
  Orcish Mines |  10080 |   9573 |    507 |   7792 |    477 |   2 | 5040.0 |
   Elven Halls |   6236 |   6094 |    142 |   3159 |   1055 |   3 | 2078.7 |
        Vaults |   8476 |   8128 |    348 |   2924 |   3927 |   4 | 2119.0 |
        Bazaar |    122 |    122 |      0 |      0 |      0 |   1 |  122.0 |
      Ice Cave |   4237 |   4237 |      0 |   3710 |    270 |   1 | 4237.0 |
    Desolation |   4226 |   4226 |      0 |   3462 |    389 |   1 | 4226.0 |
               +--------+--------+--------+--------+--------+-----+--------+

Top non-repeatable levels by time:
   Orc:2: 8201 daAuts
Spider:4: 4696 daAuts
   IceCv: 4237 daAuts
Desolation: 4226 daAuts
Spider:2: 3444 daAuts
 Swamp:2: 3364 daAuts
     D:9: 2958 daAuts
    D:14: 2843 daAuts
   Elf:3: 2404 daAuts
Spider:3: 2286 daAuts
  Lair:2: 2258 daAuts
Vaults:2: 2206 daAuts
Vaults:3: 2204 daAuts
 Swamp:3: 2100 daAuts
Vaults:4: 2096 daAuts
